AoeStats
← ᅚᅚᅚᅚ

Socotra

504390933Analyzed
3v3 RM · 26d ago on Sep 5, 2026· 25m 1s· 6 players
Game mode
Random Map
Map size
128×128
Population
200
Speed
Normal
Resources
Standard
Victory
Conquest
Starting age
Dark Age
Ending age
Imperial Age
RankedLock teamsTeams togetherTeam positionsShared explorationLock speedFull tech treeHidden civsTurbo modeCheats
Victory
Defeat
🇨🇱 Bengalis · Chile
1244
+13
🇨🇱 Sicilians · Chile
1218
+14
🇺🇸 Dravidians · United States
1209
+16
🇺🇸 Celts · United States
1219
-15
🇺🇸 Cumans · United States
1192
-15
🇺🇸 Armenians · United States
1144
-13
Pelantaro
5:38 Loom
15:49 Feudal Age
21:26 Castle Age
19:23 Double-Bit Axe
19:50 Horse Collar
ᅚᅚᅚᅚ
11:32 Feudal Age
9:49 Loom
15:39 Castle Age
14:45 Double-Bit Axe
14:41 Horse Collar
14:53 Gold Mining
16:49 Bow Saw
17:40 Sanctity
19:23 Fervor
21:01 Redemption
24:32 Squires
Jersey_TitanX
10:20 Feudal Age
10:25 Man-at-Arms
11:04 Loom
11:20 Arson
14:46 Scale Mail Armor
15:13 Forging
17:26 Double-Bit Axe
23:03 Castle Age
21:43 Padded Archer Armor
23:08 Long Swordsman
23:49 Squires
23:45 Horse Collar
23:58 Gold Mining
The Goated Grandpa
10:22 Feudal Age
9:49 Loom
11:02 Double-Bit Axe
11:42 Man-at-Arms
19:27 Castle Age
18:02 Horse Collar
18:14 Gold Mining
GAY B33
6:39 Loom
15:36 Feudal Age
18:07 Man-at-Arms
19:26 Long Swordsman
24:22 Arson
THEREAPER
8:11 Loom
10:41 Feudal Age
Connection lost

Rejoining the realm…

Still unreachable

The connection could not be restored.

Session expired

The server has moved on; the page needs a fresh start.